 Dungeon Crawl Stone Soup version 0.26-a0-651-gb41185065b (webtiles) character file.

Game seed: 7700576453222896016

10192 Gottschkopf the Carver (level 11, -4/93 HPs)
             Began as a Minotaur Fighter on Sept 28, 2020.
             Was a High Priest of Ru.
             Killed from afar by a molten gargoyle (14 damage)
             ... with a bolt of magma
             ... on level 10 of the Dungeon.
             The game lasted 00:23:02 (11523 turns).

Gottschkopf the Carver (Minotaur Fighter)          Turns: 11523, Time: 00:23:02

Health: -4/93      AC: 16    Str: 24    XL:     11   Next: 32%
Magic:  10/10      EV:  0    Int:  5    God:    Ru [*****.]
Gold:   407        SH: 18    Dex: 10    Spells: 10/10 levels left

rFire    . . .     SeeInvis .   H - +5 long sword
rCold    . . .     Faith    +   p - +2 tower shield
rNeg     . . .     Spirit   .   h - +0 chain mail
rPois    .         Reflect  .   (helmet restricted)
rElec    .         Harm     .   (no cloak)
rCorr    .         Rampage  .   D - +2 pair of gloves
MR       +....                  y - +0 pair of boots
Stlth    ..........             e - amulet of faith
HPRegen  0.25/turn              F - ring of protection from magic
MPRegen  0.12/turn              K - ring of stealth

@: about to teleport
A: retaliatory headbutt, horns 2, frail 1, hated by all, no fire magic, no hexes
magic, no necromancy magic, reduced EV 1
a: Draw Out Power, Power Leap, Apocalypse, Renounce Religion


You were on level 10 of the Dungeon.
You worshipped Ru.
Ru was extremely pleased with you.
You visited 1 branch of the dungeon, and saw 11 of its levels.

You collected 537 gold pieces.
You spent 130 gold pieces at shops.

Inventory:

Hand Weapons
 H - a +5 long sword (weapon)
 J - a +1 morningstar of protection
Armour
 h - a +0 chain mail (worn)
 p - a +2 tower shield (worn)
 y - a +0 pair of boots (worn)
 D - a +2 pair of gloves (worn)
Magical Staves
 j - an uncursed staff of fire {unknown}
Jewellery
 e - an amulet of faith (around neck)
 n - an uncursed ring of fire
 z - an uncursed ring of magical power
 C - an uncursed ring of see invisible
 F - a ring of protection from magic (left hand)
 G - an uncursed amulet of magic regeneration {unknown}
 K - a ring of stealth (right hand)
Wands
 q - a wand of random effects (43)
 w - a wand of disintegration (6)
 A - a wand of paralysis (20)
Scrolls
 a - a scroll of blinking {unknown}
 c - a scroll of silence {unknown}
 f - 4 scrolls of amnesia
 k - 4 scrolls of teleportation
 l - a scroll of immolation
 o - 2 scrolls of remove curse
 s - 3 scrolls of identify
 E - 2 scrolls of noise {unknown}
 I - a scroll of magic mapping
Potions
 b - 3 potions of brilliance
 d - 4 potions of might
 g - a potion of magic
 i - a potion of heal wounds
 m - 2 potions of berserk rage
 r - a potion of mutation {unknown}
 t - 4 potions of flight
 u - 2 potions of curing
 v - 3 potions of resistance
 x - 2 potions of lignification
 B - 4 potions of stabbing


   Skills:
 - Level 11.9 Fighting
 + Level 13.5 Long Blades
 - Level 2.4 Maces & Flails
 - Level 10.0 Armour
 - Level 7.4 Shields


You had 10 spell levels left.
You didn't know any spells.
Your spell library contained the following spells:

 Spells                   Type           Power        Failure   Level
 Gell's Gravitas          Tloc           #.........   100%        3
 Petrify                  Tmut/Erth      #.......     100%        4
 Iskenderun's Battlesphe  Conj           #.......     100%        5
 Iron Shot                Conj/Erth      #.........   100%        6
 Orb of Destruction       Conj           #.........   100%        7
 Confusing Touch          Hex            Unusable     N/A         3
 Bolt of Magma            Conj/Fire/Erth Unusable     N/A         5
 Metabolic Englaciation   Hex/Ice        Unusable     N/A         5
 Yara's Violent Unravell  Hex/Tmut       Unusable     N/A         5
 Spellforged Servitor     Conj/Summ      Unusable     N/A         7

Dungeon Overview and Level Annotations

Branches:
Dungeon (11/15)            Temple (0/1) D:7            Lair (0/6) D:9
    Orc (0/2) D:10

Altars:
Ashenzari
Dithmenos
Fedhas
Gozag
Kikubaaqudgha
Nemelex Xobeh
Okawaru
Qazlal
Ru
Trog
Uskayaw
Xom
Zin

Shops:
D:4 [   D:5 [}*   D:6 *

Annotations:
D:8 3 runed translucent doors


Innate Abilities, Weirdness & Mutations

You reflexively headbutt those who attack you in melee.
You have a pair of horns on your head.
You are frail. (-10% HP)
You are hated by all.
You cannot study or cast Fire magic.
You cannot study or cast Hexes magic.
You cannot study or cast Necromancy magic.
You have somewhat slow reflexes. (EV -5)


Message History

The molten gargoyle blasts magma at you!
The bolt of magma hits you!!
* * * LOW HITPOINT WARNING * * *
You hit the molten gargoyle but do no damage.
You headbutt the molten gargoyle, but do no damage.
The molten gargoyle is moderately damaged.
You block the molten gargoyle's attack.
You barely miss the molten gargoyle.
You headbutt the molten gargoyle, but do no damage.
The molten gargoyle is moderately damaged.
The molten gargoyle begins to attack, but is stunned by your will!
You hit the molten gargoyle. You headbutt the molten gargoyle.
The molten gargoyle is heavily damaged.
Okay, then.
As you read the scroll of teleportation, it crumbles to dust.
You feel strangely unstable.
The molten gargoyle hits you but does no damage.
The molten gargoyle blasts magma at you!
The bolt of magma hits you!
You die...

## .§ §88§§.#
#.≈§88§§≈. ##9≈§≈≈≈≈≈
.#. §≈≈≈ ###.. S.)
#..#.#.# #.#.#.#
#9##9.# #..@.##
######.# #......#
#.###### #.#######.#
........#.######
...............#
#######.#.####.#######
#.#.# #.........


You could see 2 molten gargoyles and a lava snake.

Vanquished Creatures
  A two-headed ogre (D:11)
  A cyclops (D:11)
  An ugly thing (D:11)
  Joseph (D:9)
  A molten gargoyle (D:9)
  A troll (D:10)
  Grinder (D:3)
  3 hippogriffs (D:9)
  Sigmund (D:2)
  8 yaks
  Menkaure (D:4)
  A soldier ant (D:10)
  The ghost of stillor the Ducker, an amateur DEWz (D:3)
  4 porcupines
  An orc warrior (D:8)
  4 sky beasts
  A black bear (D:10)
  2 phantoms
  An ice beast (D:8)
  5 ogres
  4 centaurs
  A crocodile (D:9)
  A big kobold (D:9)
  9 bullfrogs
  2 scorpions
  13 wights
  13 killer bees
  3 howler monkeys (D:10)
  A bullfrog zombie (D:5)
  4 orc priests
  6 jellies
  2 centaur skeletons
  3 bullfrog skeletons
  3 hounds
  6 orc wizards
  2 iguanas
  9 worker ants
  A killer bee zombie (D:9)
  Robin (D:2)
  8 adders
  4 gnolls (D:3)
  A howler monkey skeleton (D:9)
  4 white imps
  3 ufetubi
  2 oozes
  2 adder zombies
  3 worms
  7 leopard geckos
  35 orcs
  3 giant cockroaches
  16 hobgoblins
  13 jackals
  8 quokkas
  3 ball pythons
  5 bats
  7 frilled lizards
  16 goblins
  10 kobolds
  7 rats
281 creatures vanquished.

Vanquished Creatures (others)
  2 yaks
  A bullfrog (D:9)
  A scorpion (D:9)
  A killer bee (D:9)
  An iguana (D:8)
  An orc (D:5)
  54 fungi (D:9)
  42 plants (D:9)
103 creatures vanquished.

Grand Total: 384 creatures vanquished

Notes
Turn   | Place    | Note
-------+----------+-------------------------------------------
     0 | D:1      | Gottschkopf the Minotaur Fighter began the quest for the
                  | Orb.
     0 | D:1      | Reached XP level 1. HP: 19/19 MP: 0/0
   239 | D:1      | Reached XP level 2. HP: 28/28 MP: 1/1
   535 | D:1      | Reached skill level 5 in Fighting
   703 | D:1      | Reached XP level 3. HP: 36/36 MP: 2/2
   900 | D:2      | Noticed Robin
   920 | D:2      | Killed Robin
   920 | D:2      | Reached XP level 4. HP: 16/44 MP: 3/3
   963 | D:3      | HP: 2/45 [poisoned by an adder]
  1453 | D:2      | Noticed Sigmund
  1464 | D:2      | Killed Sigmund
  1464 | D:2      | Reached XP level 5. HP: 36/55 MP: 4/4
  1464 | D:2      | Reached XP level 6. HP: 41/62 MP: 5/5
  1667 | D:2      | Found a sacrificial altar of Ru.
  1684 | D:2      | Became a worshipper of Ru the Awakened
  1747 | D:2      | Noticed a +0 dagger
  1748 | D:2      | Noticed a +0 hand axe
  1757 | D:2      | Found a hide-covered altar of Uskayaw.
  2037 | D:2      | Found a stormy altar of Qazlal.
  2206 | D:3      | Found a runed translucent gate.
  2206 | D:3      | Found a runed translucent gate.
  2206 | D:3      | Found a runed translucent gate.
  2207 | D:3      | Noticed stillor's ghost (amateur DEWz)
  2351 | D:3      | Reached XP level 7. HP: 40/70 MP: 6/6
  2808 | D:3      | Noticed Grinder
  2816 | D:3      | Paralysed by Grinder for 6 turns
  2825 | D:3      | Killed Grinder
  2825 | D:3      | Reached skill level 10 in Fighting
  3009 | D:3      | Gained mutation: You cannot study or cast Fire magic. [Ru
                  | sacrifice]
  3009 | D:3      | Gained mutation: You cannot study or cast Hexes magic. [Ru
                  | sacrifice]
  3009 | D:3      | Gained mutation: You cannot study or cast Necromancy magic.
                  | [Ru sacrifice]
  3009 | D:3      | Reached * piety under Ru
  3511 | D:3      | Killed stillor's ghost
  3595 | D:4      | Found a bloodstained altar of Trog.
  3645 | D:4      | Reached XP level 8. HP: 82/82 MP: 7/7
  3707 | D:4      | Noticed Menkaure
  3717 | D:4      | Killed Menkaure
  3887 | D:4      | Reached skill level 5 in Armour
  4233 | D:4      | Found Uzxa's Antique Armour Shop.
  4277 | D:4      | Found an iron altar of Okawaru.
  4559 | D:5      | Entered Level 5 of the Dungeon
  4576 | D:5      | Gained mutation: You have somewhat slow reflexes. (EV -5)
                  | [Ru sacrifice]
  4576 | D:5      | Reached ** piety under Ru
  4619 | D:5      | Found Welecuru's Gadget Boutique.
  5191 | D:5      | Found Weba's Assorted Antiques.
  5204 | D:5      | Bought a sapphire ring for 130 gold pieces
  5608 | D:5      | Found Sicail's Armour Emporium.
  5914 | D:6      | Reached XP level 9. HP: 85/90 MP: 8/8
  5940 | D:6      | Gained mutation: You are hated by all. [Ru sacrifice]
  5940 | D:6      | Reached *** piety under Ru
  5959 | D:6      | Found a blossoming altar of Fedhas.
  6521 | D:6      | Found Vitsag's General Store.
  6647 | D:7      | Reached skill level 10 in Armour
  6754 | D:7      | Found a shimmering altar of Xom.
  6758 | D:7      | Found a staircase to the Ecumenical Temple.
  7037 | D:7      | Reached skill level 5 in Shields
  7725 | D:8      | Found a broken altar of Ashenzari.
  7725 | D:8      | Found a glowing silver altar of Zin.
  7727 | D:8      | Found a sparkling altar of Nemelex Xobeh.
  7728 | D:8      | Found an opulent altar of Gozag.
  7728 | D:8      | Found a shadowy altar of Dithmenos.
  7728 | D:8      | Found an ancient bone altar of Kikubaaqudgha.
  7737 | D:8      | Gained mutation: You are frail. (-10% HP) [Ru sacrifice]
  7737 | D:8      | Reached **** piety under Ru
  7737 | D:8      | Reached ***** piety under Ru
  7878 | D:8      | Reached skill level 1 in Long Blades
  7968 | D:8      | Reached skill level 2 in Long Blades
  8083 | D:8      | Noticed a brown ugly thing
  8086 | D:8      | Found a runed translucent gate.
  8086 | D:8      | Found a runed translucent gate.
  8086 | D:8      | Noticed a red ugly thing
  8086 | D:8      | Noticed a white ugly thing
  8087 | D:8      | Found a runed translucent gate.
  8386 | D:8      | Reached skill level 3 in Long Blades
  8391 | D:8      | Reached skill level 4 in Long Blades
  8693 | D:9      | Reached skill level 5 in Long Blades
  8761 | D:9      | Reached XP level 10. HP: 49/87 MP: 9/9
  8782 | D:9      | HP: 4/87 [poisoned by a killer bee]
  8786 | D:9      | Reached skill level 6 in Long Blades
  9143 | D:9      | Reached skill level 7 in Long Blades
  9194 | D:8      | Reached skill level 8 in Long Blades
  9345 | D:9      | Reached skill level 9 in Long Blades
  9486 | D:9      | Noticed Joseph
  9645 | D:9      | Killed Joseph
  9645 | D:9      | Reached skill level 10 in Long Blades
  9948 | D:9      | Reached skill level 11 in Long Blades
  9965 | D:9      | You fall into a shaft and drop 2 floors!
  9988 | D:11     | Noticed a cyclops
 10000 | D:11     | Killed a cyclops
 10119 | D:11     | Noticed a two-headed ogre
 10129 | D:11     | Killed a two-headed ogre
 10129 | D:11     | Reached XP level 11. HP: 74/93 MP: 10/10
 10140 | D:11     | Reached skill level 12 in Long Blades
 10260 | D:11     | Noticed a cyan ugly thing
 10269 | D:11     | Killed a cyan ugly thing
 10379 | D:10     | Entered Level 10 of the Dungeon
 10495 | D:10     | Found a staircase to the Orcish Mines.
 10540 | D:9      | Found a staircase to the Lair.
 10861 | D:10     | Reached skill level 13 in Long Blades
 11513 | D:10     | HP: 1/93 [molten gargoyle/bolt of magma (32)]
 11523 | D:10     | Killed from afar by a molten gargoyle

Illustrated notes

Levels and vault maps discovered:
D:1:      minmay_arrival_arboretum_small, layout_basic
D:2:      layout_loops_cross, dancing_weapons_uskayaw,
          nicolae_ru_great_annihilating_truth, lemuel_coloured_pillars_altar,
          minivault_14, uniq_robin, uniq_sigmund
D:3:      layout_basic, ebering_ghost_rock_garden, chequers_jeans, uniq_grinder
D:4:      layout_cave_pods, lightli_temple_of_fire, kennysheep_okawaru_gauntlet,
          serial_shops, nicolae_shop_behind_doors, uniq_menkaure
D:5:      layout_loops_corners, serial_shops, nicolae_shop_statue_plus,
          kennysheep_little_box, shop
D:6:      layout_gridville, fedhas_bush_and_centaur_altar, serial_shops, shop
D:7:      layout_cave_pools, minmay_temple_entry_glass, dk_xom_monty_hall
D:8:      layout_loops_ring, grunt_temple_overflow_open,
          ploomutoo_gammafunk_ghost_potion_laboratory, palyth_stone_intersect,
          chequers_serial_rivers_small_a
D:9:      nicolae_whirlpool, layout_small_grid, due_lair_maze_entry_diamond,
          uniq_joseph
D:10:     layout_loops_ring, orc_0_dummy, small_statue_intersection,
          minivault_20, minivault_8
D:11:     layout_gridville

Skill      XL: |  1  2  3  4  5  6  7  8  9 10 11 |
---------------+----------------------------------+-----
Fighting       | 4 5 6 8 9 11 | 11.9
Armour         | 8 10 | 10.0
Shields        | 7 |  7.4
Long Blades    | 5 11 13 | 13.5
Maces & Flails | |  2.4

Action                   |  1- 3 |  4- 6 |  7- 9 | 10-12 || total
-------------------------+-------+-------+-------+-------++-------
Melee: Flail             |   109 |    24 |       |       ||   133
       Headbutt          |    15 |    15 |   113 |    61 ||   204
       Mace              |       |   110 |   385 |       ||   495
       Long sword        |       |       |    69 |   313 ||   382
Invok: Sacrifice Arcana  |       |       |     1 |       ||     1
       Sacrifice Health  |       |       |     2 |       ||     2
       Sacrifice Love    |       |       |     1 |       ||     1
       Reject Sacrifices |       |       |       |     1 ||     1
  Use: Potion            |       |     4 |       |     2 ||     6
       Scroll            |       |       |    18 |     2 ||    20
 Stab: Invisible         |       |     1 |     2 |     5 ||     8
       Distracted        |       |       |     1 |     2 ||     3
       Paralysed         |       |       |       |     1 ||     1
Armor: Scale mail        |    13 |       |       |       ||    13
       Chain mail        |    42 |    96 |   304 |   138 ||   580
Dodge: Dodged            |    35 |    34 |    39 |     5 ||   113
Block: Kite shield       |    57 |    69 |   146 |       ||   272
       Tower shield      |       |       |   171 |   273 ||   444
       Rpst.: Long sword |       |       |     2 |     2 ||     4

Table legend: (Time is in decaauts)
 A = Elapsed time spent in this place.
 B = Non-inter-level travel time spent in this place.
 C = Inter-level travel time spent in this place.
 D = Time resting spent in this place.
 E = Time spent auto-exploring this place.
 F = Levels seen in this place.
 G = Mean time per level.
                   A        B        C        D        E       F      G
               +--------+--------+--------+--------+--------+-----+--------+
         Total |  11795 |  11544 |    251 |   1159 |   7962 |  11 | 1072.3 |
       Dungeon |  11795 |  11544 |    251 |   1159 |   7962 |  11 | 1072.3 |
               +--------+--------+--------+--------+--------+-----+--------+

Top non-repeatable levels by time:
     D:9: 1966 daAuts
     D:3: 1711 daAuts
     D:8: 1203 daAuts
     D:5: 1164 daAuts
     D:2: 1051 daAuts
     D:4: 1041 daAuts
     D:6: 1006 daAuts
     D:7: 932 daAuts
     D:1: 892 daAuts
    D:10: 417 daAuts
    D:11: 409 daAuts
